 Dungeon Crawl Stone Soup version 0.21.0-3-g78d12a8 (webtiles) character file.

27181 microfolk the Fighter (level 13, -8/119 HPs)
             Began as a Purple Draconian Fighter on Jan 15, 2018.
             Was an Elder of Makhleb.
             Shot with an arrow by a centaur warrior (19 damage)
             ... on level 11 of the Dungeon.
             The game lasted 01:02:05 (25713 turns).

microfolk the Fighter (Purple Draconian Fighter)   Turns: 25713, Time: 01:02:05

Health: -8/119     AC: 18    Str: 22    XL:     13   Next: 3%
Magic:  21/21      EV: 15    Int:  9    God:    Makhleb [****..]
Gold:   660        SH:  9    Dex: 12    Spells: 11/12 levels left

rFire    . . .     SeeInvis +   a - +0 scimitar (venom)
rCold    . . .     Gourm    .   j - +0 shield
rNeg     . . .     Faith    +   (armour unavailable)
rPois    +         Spirit   .   (helmet restricted)
rElec    .         Reflect  .   N - +2 cloak {rPois}
rCorr    .         Harm     .   r - +0 pair of gloves
MR       +....                  M - +1 pair of boots
Stlth    +.........             y - amulet of faith
HPRegen  0.29/turn              g - +4 ring of protection
MPRegen  0.17/turn              Z - ring of see invisible

@: about to teleport
A: breathe power, unfitting armour, cold-blooded, AC +8
a: Breathe Dispelling Energy, Minor Destruction, Lesser Servant of Makhleb,
Major Destruction, Renounce Religion


You were on level 11 of the Dungeon.
You worshipped Makhleb.
Makhleb was greatly pleased with you.
You were not hungry.

You visited 2 branches of the dungeon, and saw 16 of its levels.
You also visited: Sewer, Ossuary and Volcano.

You collected 660 gold pieces.

Inventory:

Hand Weapons
 a - a +0 scimitar of venom (weapon)
 b - a +1 hunting sling
 Q - a +0 great sword
Missiles
 f - 495 stones (quivered)
 k - 48 sling bullets
Armour
 j - a +0 shield (worn)
 r - a +0 pair of gloves (worn)
 M - a +1 pair of boots (worn)
 N - a +2 cloak of poison resistance (worn)
Jewellery
 c - an uncursed ring of protection from fire
 g - a +4 ring of protection (left hand)
 t - an uncursed amulet of rage
 y - an amulet of faith (around neck)
 D - an uncursed amulet of guardian spirit
 G - an uncursed amulet of magic regeneration {unknown}
 R - a +4 ring of protection
 U - the ring of Kybauk {rPois rN+ Str+6}
   (You found it on level 4 of the Lair of Beasts)

   [ring of positive energy]

   It affects your strength (+6).
   It protects you from poison.
   It protects you from negative energy.
 Z - a ring of see invisible (right hand)
Wands
 K - a wand of scattershot (6)
 O - a wand of flame (13)
 W - a wand of iceblast (4)
Scrolls
 h - 11 scrolls of remove curse
 i - 7 scrolls of identify
 m - 4 scrolls of enchant weapon
 n - a scroll of holy word {unknown}
 q - 4 scrolls of fog
 u - 3 scrolls of blinking
 v - 2 scrolls of enchant armour
 z - 2 scrolls of teleportation
 H - a scroll of amnesia
 I - 5 scrolls of magic mapping
 J - a scroll of fear
Potions
 e - 2 potions of magic
 o - a potion of agility
 p - 4 potions of cancellation
 s - 3 potions of resistance
 w - 10 potions of curing
 x - 4 potions of flight
 B - 2 potions of might
 C - a potion of haste
 E - 4 potions of mutation
 F - 3 potions of invisibility
 P - 2 potions of lignification
 X - a potion of brilliance
Books
 l - a book of Flames

   Spells                             Type                      Level
   a - Flame Tongue                   Conjuration/Fire             1
   b - Throw Flame                    Conjuration/Fire             2
   c - Conjure Flame                  Conjuration/Fire             3
   d - Inner Flame                    Hexes/Fire                   3
   e - Sticky Flame                   Conjuration/Fire             4
   f - Fireball                       Conjuration/Fire             5
 A - a book of Changes

   Spells                             Type                      Level
   a - Beastly Appendage              Transmutation                1
   b - Sticks to Snakes               Transmutation                2
   c - Spider Form                    Transmutation/Poison         3
   d - Ice Form                       Ice/Transmutation            4
   e - Blade Hands                    Transmutation                5
 T - a book of Battle

   Spells                             Type                      Level
   a - Infusion                       Charms                       1
   b - Shroud of Golubria             Charms/Translocation         2
   c - Song of Slaying                Charms                       2
   d - Spectral Weapon                Hexes/Charms                 3
   e - Regeneration                   Charms/Necromancy            3
Comestibles
 d - 14 rations
 L - 5 chunks of flesh


   Skills:
 + Level 12.5 Fighting
 + Level 11.4 Long Blades
 + Level 10.7 Dodging
 - Level 3.0 Shields
 + Level 11.5 Invocations


You had 11 spell levels left.
You knew the following spells:

 Your Spells              Type           Power        Failure   Level  Hunger
a - Apportation           Tloc           #.....       88%         1    ##.....


Dungeon Overview and Level Annotations

Branches:
Dungeon (11/15)            Temple (0/1) D:4            Lair (5/6) D:8
  Swamp (0/4) Lair:2        Snake (0/4) Lair:2          Orc (0/2) D:9
  Slime: Lair:5-6

Altars:
Ashenzari
Cheibriados
Dithmenos
Elyvilon
Gozag
Hepliaklqana
Kikubaaqudgha
Sif Muna
Trog
Uskayaw
Zin
Beogh

Annotations:
D:2 exclusion: downstairs
D:3 Grinder, Robin
D:5 exclusion: 2 doors
D:11 MTVSty1e's ghost, journeyman GrGl
Lair:1 exclusions: 2 doors and 1 more exclusion
Lair:4 exclusion: 2 oklob plants


Innate Abilities, Weirdness & Mutations

You can breathe bolts of dispelling energy.
Your rich purple scales are hard. (AC +8)
You cannot fit into any form of body armour.
You are cold-blooded and may be slowed by cold attacks.


Message History

A centaur warrior comes into view.
The centaur warrior shouts!
An orc warrior comes into view. It is wielding a scimitar of draining.
The orc warrior shouts!
An orc warrior comes into view. It is wielding a war axe.
The orc warrior shouts!
The centaur warrior wields a shortbow.
The centaur warrior shoots an arrow.
The arrow hits you!
* * * LOW HITPOINT WARNING * * *
The centaur warrior wields a shortbow.
The centaur warrior shoots an arrow.
The arrow hits you but does no damage.
Found 2 arrows. 2 orc warriors and 2 centaur warriors come into view.
As you read the scroll of teleportation, it crumbles to dust.
You feel strangely unstable.
The orc warrior shouts!
The centaur warrior wields a shortbow.
The centaur warrior shoots an arrow.
You block the arrow.
The centaur warrior shoots an arrow.
You block the arrow.
The centaur warrior shoots an arrow.
The arrow hits you!!
You die...

#.e #......4
##'##
##..#.##
#8.8###
#....# ......
#..#.# #
..... #..#..#
+c #...# '
#....##
#..##...##..#
#. .##
#...........#
# #
#..o.@......#
#.........c.#
#.c##...##.o#
+. #o..# + #
.o... ..o.c.
#8.8##+ ##+##


You could see 4 centaur warriors and 5 orc warriors.

Vanquished Creatures
  A two-headed ogre (D:8)
  Erica (D:9)
  Nergalle (Lair:3)
  Sonja (D:10)
  An unseen horror (D:10)
  4 elephants
  A black mamba (Lair:1)
  A guardian serpent (Lair:1)
  4 spiny frogs
  3 komodo dragons
  2 trolls
  A polar bear (Lair:4)
  6 hippogriffs
  13 blink frogs
  A dream sheep (Lair:4)
  Sigmund (D:3)
  3 wyverns
  10 yaks
  2 fire elementals (Lair:2)
  4 hogs (D:8)
  A wraith (D:11)
  A steam dragon (D:11)
  A human (D:8)
  3 wargs (D:8)
  Grum (D:10)
  A soldier ant (D:11)
  Duvessa (D:3)
  5 water moccasins
  6 porcupines
  2 sky beasts
  9 orc warriors
  An eye of draining (D:11)
  2 black bears
  2 phantoms
  6 ice beasts
  2 necrophages
  A hornet zombie (Ossuary)
  5 ogres
  9 wolves
  6 centaurs
  2 big kobolds
  7 crocodiles
  2 wyvern zombies
  8 bullfrogs
  Dowan (D:3)
  A water moccasin zombie (Ossuary)
  2 scorpions
  13 killer bees
  An electric eel (Lair:1)
  4 crimson imps
  A lava snake (Lair:2)
  A quasit (Sewer)
  4 centaur zombies
  5 hounds
  A bullfrog zombie (D:9)
  A jelly (D:5)
  7 orc priests
  A centaur skeleton (D:4)
  A gnoll shaman (D:5)
  9 orc wizards
  Crazy Yiuf (D:7)
  2 bullfrog skeletons
  2 iguanas
  A human skeleton (D:6)
  Natasha (D:3)
  7 worker ants
  A killer bee zombie (Ossuary)
  2 big kobold zombies (Sewer)
  2 hound zombies
  A hound skeleton (D:5)
  A howler monkey zombie (Ossuary)
  12 mummies (Ossuary)
  2 worker ant zombies
  A howler monkey skeleton (D:6)
  8 adders
  8 gnolls
  A river rat (D:3)
  4 shadow imps
  A white imp (D:8)
  4 ufetubi (Sewer)
  3 oozes (Sewer)
  5 adder zombies
  2 adder skeletons
  4 worms
  A dart slug (D:4)
  3 leopard geckos
  29 orcs
  2 bat zombies (D:2)
  5 giant cockroaches
  4 goblins
  9 hobgoblins
  14 jackals
  2 quokkas
  2 ball pythons
  9 bats
  4 frilled lizards
  2 giant cockroach zombies (Ossuary)
  26 kobolds
  2 leopard gecko zombies (Ossuary)
  3 orc skeletons (D:6)
  2 orc zombies (D:6)
  3 quokka zombies (Ossuary)
  6 rats
  A rat zombie (D:2)
403 creatures vanquished.

Vanquished Creatures (collateral kills)
  A fire dragon (Lair:1)
  The ghost of MTVSty1e the Severer, a novice MiGl (D:10)
  2 two-headed ogres
  The ghost of Graouh the Basher, a novice MiFi of Okawaru (D:8)
  A deep elf archer (D:11)
  A lindwurm (Lair:1)
  2 yaks (Lair:1)
  A hungry ghost (D:10)
  A water moccasin (Lair:1)
  A centaur (D:11)
  A worker ant (D:11)
13 creatures vanquished.

Vanquished Creatures (others)
  An orc wizard (D:5)
  A big kobold zombie (Sewer)
  An adder zombie (Sewer)
  A bat zombie (Sewer)
  A fire vortex (Lair:2)
  3 fungi
  3 plants
  3 withered plants (Ossuary)
14 creatures vanquished.

Grand Total: 430 creatures vanquished

Notes
Turn   | Place    | Note
-------+----------+-------------------------------------------
     0 | D:1      | microfolk the Draconian Fighter began the quest for the Orb.
     0 | D:1      | Reached XP level 1. HP: 19/19 MP: 1/1
   269 | D:1      | Reached XP level 2. HP: 24/26 MP: 2/2
  1058 | D:2      | Found an ancient bone altar of Kikubaaqudgha.
  1109 | D:2      | Reached XP level 3. HP: 24/33 MP: 3/3
  1817 | D:3      | Noticed Sigmund
  1879 | D:3      | Reached skill level 4 in Fighting
  2095 | D:3      | Reached XP level 4. HP: 40/40 MP: 4/4
  2222 | D:3      | Found a glowing drain.
  2226 | Sewer    | Entered a sewer
  2433 | Sewer    | Reached XP level 5. HP: 43/47 MP: 5/5
  2481 | Sewer    | Reached skill level 5 in Fighting
  2481 | Sewer    | Reached XP level 6. HP: 56/56 MP: 6/6
  2515 | Sewer    | Found a burning altar of Makhleb.
  2799 | Sewer    | Became a worshipper of Makhleb the Destroyer
  3031 | D:3      | Found a faded altar of an unknown god.
  3459 | D:3      | Killed Sigmund
  3459 | D:3      | Reached skill level 1 in Invocations
  3459 | D:3      | Your scales start taking on a rich purple colour.
  3459 | D:3      | Reached XP level 7. HP: 53/61 MP: 6/8
  3534 | D:3      | Noticed Grinder
  3604 | D:3      | Noticed Natasha
  3627 | D:3      | Killed Natasha
  3649 | D:3      | Noticed Robin
  3662 | D:4      | Noticed Dowan
  3704 | D:4      | Noticed Duvessa
  3744 | D:3      | Killed Duvessa
  3771 | D:3      | Killed Dowan
  4010 | D:4      | Reached skill level 6 in Fighting
  4010 | D:4      | Reached skill level 5 in Dodging
  4103 | D:4      | Reached * piety under Makhleb
  4103 | D:4      | Reached skill level 5 in Long Blades
  4276 | D:4      | Reached XP level 8. HP: 60/71 MP: 10/10
  4409 | D:4      | Found a staircase to the Ecumenical Temple.
  4992 | D:5      | Entered Level 5 of the Dungeon
  5192 | D:5      | Found a shattered altar of Ashenzari.
  5209 | D:5      | Found a shadowy altar of Dithmenos.
  5427 | D:5      | Reached ** piety under Makhleb
  5464 | D:5      | Found a glowing silver altar of Zin.
  5508 | D:5      | Reached skill level 7 in Fighting
  6464 | D:6      | Reached skill level 5 in Invocations
  6564 | D:6      | Found a sand-covered staircase.
  6569 | Ossuary  | Entered an ossuary
  6699 | Ossuary  | Reached XP level 9. HP: 40/79 MP: 12/12
  6934 | Ossuary  | Reached *** piety under Makhleb
  7580 | D:6      | Reached skill level 8 in Fighting
  7951 | D:6      | Found a deep blue altar of Sif Muna.
  9382 | D:7      | Found a runed door.
  9436 | D:7      | Found a bloodstained altar of Trog.
  9674 | D:7      | Reached **** piety under Makhleb
  9813 | D:7      | Noticed Crazy Yiuf
  9818 | D:7      | Killed Crazy Yiuf
  9986 | D:8      | Noticed a hand axe
  9992 | D:8      | Noticed a hand axe
 10077 | D:8      | Noticed Graouh's ghost (novice MiFi)
 10103 | D:8      | Killed Graouh's ghost
 10103 | D:8      | Reached XP level 10. HP: 72/90 MP: 15/15
 10282 | D:8      | Reached skill level 9 in Fighting
 10516 | D:8      | Noticed a two-headed ogre
 10531 | D:8      | Killed a two-headed ogre
 11272 | D:8      | Found a staircase to the Lair.
 11816 | D:8      | Found a hide-covered altar of Uskayaw.
 12045 | D:9      | Reached skill level 10 in Fighting
 13016 | D:9      | Reached ***** piety under Makhleb
 13392 | D:9      | Reached XP level 11. HP: 99/99 MP: 17/17
 13703 | D:9      | Found a roughly hewn altar of Beogh.
 13703 | D:9      | Found a staircase to the Orcish Mines.
 13716 | D:9      | Noticed a two-headed ogre
 14003 | D:10     | Entered Level 10 of the Dungeon
 14762 | D:11     | Noticed a deep elf archer
 14789 | D:10     | Noticed Erica
 14813 | D:9      | Found a white marble altar of Elyvilon.
 14813 | D:9      | Found an opulent altar of Gozag.
 14936 | D:9      | Found a hazy altar of Hepliaklqana.
 15545 | D:10     | Noticed Grum
 15856 | Lair:1   | Entered Level 1 of the Lair of Beasts
 16277 | Lair:1   | Found a dark tunnel.
 16277 | Lair:1   | Noticed a lindwurm
 16294 | Lair:1   | Killed a lindwurm
 16341 | Volcano  | Entered a volcano
 16681 | Lair:1   | Noticed an eight-headed hydra
 17188 | Lair:1   | Noticed a fire dragon
 17660 | Lair:1   | Killed a fire dragon
 17920 | Lair:2   | Found a staircase to the Snake Pit.
 18340 | Lair:2   | Reached skill level 11 in Fighting
 18441 | Lair:2   | Reached skill level 10 in Long Blades
 19079 | Lair:2   | Found a staircase to the Swamp.
 19440 | Lair:3   | HP: 4/102 [komodo dragon (22)]
 19735 | Lair:2   | Reached skill level 10 in Invocations
 20202 | Lair:3   | Noticed Nergalle
 20390 | Lair:3   | Killed Nergalle
 21047 | Lair:4   | Reached XP level 12. HP: 72/110 MP: 19/19
 21352 | Lair:4   | Found a snail-covered altar of Cheibriados.
 22401 | Lair:4   | Got a twitching pewter ring
 22403 | Lair:4   | Identified the ring of Kybauk {rPois rN+ Str+6} (You found it on level 4 of the Lair of Beasts)
 22675 | Lair:4   | Reached skill level 10 in Dodging
 23066 | Lair:4   | Learned a level 1 spell: Apportation
 23860 | Lair:5   | Noticed a five-headed hydra
 23995 | D:10     | Noticed Sonja
 24049 | D:10     | Killed Grum
 24063 | D:10     | Reached skill level 12 in Fighting
 24120 | D:9      | Killed Erica
 24509 | D:10     | Noticed MTVSty1e's ghost (novice MiGl)
 24526 | D:9      | Killed a two-headed ogre
 24850 | D:10     | Killed MTVSty1e's ghost
 24999 | D:10     | Killed Sonja
 25329 | D:11     | Identified the Collected Works on Scorching Enchantment
 25503 | D:11     | Noticed a two-headed ogre
 25508 | D:11     | Killed a two-headed ogre
 25642 | D:11     | Reached XP level 13. HP: 75/119 MP: 21/21
 25663 | D:11     | Noticed MTVSty1e's ghost (journeyman GrGl)
 25713 | D:11     | Shot with an arrow by a centaur warrior

Skill      XL: |  1  2  3  4  5  6  7  8  9 10 11 12 |
---------------+-------------------------------------+-----
Dodging        | 3 4 5 6 7 8 9 10 | 10.7
Fighting       | 4 5 6 7 8 10 11 12 | 12.5
Long Blades    | 3 4 5 6 7 9 10 11 | 11.4
Invocations    | 1 3 5 7 8 10 11 | 11.5
Shields        | |  3.0

Action                   |  1- 3 |  4- 6 |  7- 9 | 10-12 | 13-15 || total
-------------------------+-------+-------+-------+-------+-------++-------
Melee: Long sword        |   111 |   188 |   618 |  1131 |       ||  2048
       Tailslap          |    13 |    28 |   131 |   266 |     9 ||   447
       Scimitar          |       |       |       |   151 |    41 ||   192
 Fire: Hunting sling     |     8 |    13 |     3 |     1 |       ||    25
Invok: Lesser Servant of |       |       |     2 |    20 |     2 ||    24
       Minor Destruction |       |       |       |     4 |       ||     4
 Abil: Evoke Berserk Rag |       |     1 |       |       |       ||     1
       Breathe Dispellin |       |       |     1 |     1 |       ||     2
  Use: Scroll            |     4 |     3 |     7 |    19 |     2 ||    35
       Potion            |       |     2 |     2 |     3 |       ||     7
 Stab: Sleeping          |     1 |     3 |       |       |       ||     4
       Distracted        |       |       |     1 |     2 |       ||     3
  Eat: Chunk             |     3 |     6 |    12 |    27 |       ||    48
       Ration            |       |       |     3 |     8 |       ||    11
Armor: Skin              |    45 |   105 |   198 |   473 |     5 ||   826
Dodge: Dodged            |    70 |   119 |   274 |   773 |    10 ||  1246
Block: Shield            |    79 |   121 |   232 |   596 |    13 ||  1041
       Rpst.: Long sword |    21 |    40 |   108 |   183 |       ||   352
       Scimitar          |       |       |       |    22 |     3 ||    25
